 Dungeon Crawl Stone Soup version 0.29.1-2-gbd0b4ee654 (webtiles) character file.

Game seed: 8366989349766782109

244 xian the Trooper (level 5, 0/63 HPs)
             Began as a Demonspawn Abyssal Knight on Nov 4, 2022.
             Was a Priest of Lugonu.
             Slain by a gnoll
             ... wielding a +0 halberd
              (11 damage)
             ... on level 3 of the Dungeon.
             The game lasted 00:09:19 (2834 turns).

xian the Trooper (Demonspawn Abyssal Knight)        Turns: 2834, Time: 00:09:19

Health: 0/63       AC: 22    Str: 15    XL:     5   Next: 83%
Magic:  5/7        EV:  2    Int: 11    God:    Lugonu [***...]
Gold:   86         SH:  7    Dex: 14    Spells: 4/4 levels left

rFire   . . .      SeeInvis .   a - +1 hand axe
rCold   . . .      Faith    .   q - +0 kite shield
rNeg    . . .      Spirit   .   (body armour currently unavailable)
rPois   +          Reflect  .   (helmet currently unavailable)
rElec   .          Harm     .   (cloak currently unavailable)
rCorr   .          Rampage  .   (gloves currently unavailable)
Will    .....      NoTele   +   (boots currently unavailable)
Stlth   +.........              (no amulet)
HPRegen 0.20/turn               (no ring)
MPRegen 0.20/turn               (no ring)

@: tree-form (expiring)
A: stationary, stasis, torment immunity, boosted hp, (yellow scales 1), magic
regeneration, (weakness stinger 1)
a: Renounce Religion, Depart the Abyss, Bend Space, Banish


You were on level 3 of the Dungeon.
You worshipped Lugonu.
Lugonu was most pleased with you.
You were a tree.
You visited 1 branch of the dungeon, and saw 3 of its levels.
You visited the Abyss 1 time.

You collected 99 gold pieces.
You spent 13 gold pieces at shops.

Inventory:

Hand Weapons
 a - a +1 hand axe (weapon)
Armour
 e - +0 fire dragon scales (melded)
 f - a +2 pair of gloves (melded)
 p - a +0 pair of boots (melded)
 q - a +0 kite shield (worn)
Scrolls
 c - a scroll of noise
 d - a scroll of blinking {unknown}
 m - a scroll of vulnerability {unknown}
 r - a scroll of immolation {unknown}
 s - a scroll of poison {unknown}
Potions
 b - 2 potions of brilliance
 h - 2 potions of curing
 i - a potion of magic
 l - a potion of haste


   Skills:
 + Level 4.2 Fighting
 + Level 3.4 Axes
 + Level 2.6 Armour
 + Level 2.1 Dodging
 + Level 0.3 Stealth
 + Level 0.1 Shields
 * Level 3.3 Invocations


You had 4 spell levels left.
You didn't know any spells.
Your spell library contained the following spells:

 Spells                   Type           Power      Damage    Failure   Level
 Summon Guardian Golem    Hex/Summ       0%         N/A       98%         3
 Orb of Destruction       Conj           0%         9d5       100%        7
 Spellforged Servitor     Conj/Summ      0%         N/A       100%        7
 Chain Lightning          Conj/Air       0%         N/A       100%        9
 Fire Storm               Conj/Fire      0%         5d1       100%        9
 Shatter                  Erth           0%         3d5*      100%        9


Dungeon Overview and Level Annotations

Branches:
Dungeon (3/15)

Altars:
Uskayaw

Shops:
D:1 (   D:2 (=!

Annotations:
D:2 Axe unique, ring unique


Innate Abilities, Weirdness & Mutations

You are a tree.
Your roots penetrate the ground, keeping you stationary.
You cannot be teleported.
You are immune to unholy pain and torment.
Your maximum health is greatly increased.
Your equipment is partially melded.
((You are partially covered in yellow scales. (AC +2)))
You regenerate magic rapidly.
((You have a small tail.))


Message History

The gnoll hits you but does no damage.
You are too injured to fight recklessly!
Throw: 2 darts (poison)
Press: ? - help, Q - select action, (/) - cycle Shift-Dir - straight line, f/p - gnoll
Aim: a gnoll, wielding a +0 spear (moderately wounded, 64% to hit)
You throw a poisoned dart.
The poisoned dart barely misses the gnoll.
The gnoll hits you but does no damage.
Throw: dart (poison)
Press: ? - help, Q - select action, (/) - cycle Shift-Dir - straight line, f/p - gnoll
Aim: a gnoll, wielding a +0 spear (moderately wounded, 64% to hit)
You throw a poisoned dart.
The poisoned dart closely misses the gnoll.
The gnoll hits you but does no damage.
Unknown command.
As you read the scroll labelled TOLICAT FUESA, it crumbles to dust.
You feel a strange sense of stasis.
It was a scroll of teleportation.
The gnoll hits you but does no damage.
You cannot move.
You cannot move.
Okay, then.
Space bends violently around you!
You blink.
You cannot move.
Unknown command.
You cannot move.
Space bends violently around you!
You blink.
Unknown command.
The gnoll hits you from afar with a +0 spear.
* * * LOW HITPOINT WARNING * * *
The gnoll hits you but does no damage. You block the gnoll's attack.
Space bends violently around you!
You blink.
Your transformation is almost over.
You cannot move.
You start resting.
There are monsters nearby!
There are monsters nearby!
You cannot move.
Space bends violently around you!
You blink.
The gnoll hits you but does no damage. The gnoll hits you with a +0 halberd!
You die...

####g#### #.##......#.#
#.§)....#####.##..###.#.#
#.##.##.##........# #...#
##.##.##.......##..###.#.###
#.....##..###..##......#.#..
#..#####..# #..#.###........
#..#####..###§###.#.####.#..
#.........gg..###..#####.###
#.#########♣.....[.......#
#.# ########.####### #.#####
#.# #.....# ######## #.# #
#####.# #......# #.# ### #.#
#.####.# #.# #.. #.#
#.####.###.# ####.#
#.###.#........# #.....
#...†..(##.##### #.##.#


You could see 2 gnolls.

Vanquished Creatures
  Sigmund (D:2)
  A gnoll (D:3)
  2 adders (D:3)
  2 worms
  2 dart slugs
  4 ball pythons
  8 bats
  2 endoplasms
  A giant cockroach (D:3)
  3 hobgoblins
  8 kobolds
  4 quokkas
  2 frilled lizards (D:2)
  6 goblins
  4 rats
50 creatures vanquished.

Notes
Turn   | Place    | Note
-------+----------+-------------------------------------------
     0 | Abyss:1  | xian the Demonspawn Abyssal Knight began the quest for the
                  | Orb.
     0 | Abyss:1  | Reached XP level 1. HP: 18/18 MP: 2/2
     1 | D:1      | Escaped the Abyss
   392 | D:1      | Gained mutation: You regenerate magic rapidly. [demonic
                  | ancestry]
   392 | D:1      | Reached XP level 2. HP: 23/24 MP: 3/3
   413 | D:1      | Reached skill level 1 in Dodging
   521 | D:1      | Found Ceethred's Antique Weapon Emporium.
   640 | D:1      | Found a faded altar of an unknown god.
  1088 | D:2      | Found Reah's Jewellery Emporium.
  1094 | D:2      | Found Edywki's Distillery.
  1102 | D:2      | Bought a potion of degeneration for 13 gold pieces
  1186 | D:2      | Noticed Sigmund
  1196 | D:2      | Killed Sigmund
  1197 | D:2      | Reached skill level 4 in Fighting
  1197 | D:2      | Gained mutation: You have a small tail. [demonic ancestry]
  1197 | D:2      | Reached XP level 3. HP: 26/30 MP: 3/5
  1197 | D:2      | Gained mutation: You are partially covered in yellow
                  | scales. (AC +2) [demonic ancestry]
  1197 | D:2      | Reached XP level 4. HP: 33/37 MP: 3/6
  1197 | D:2      | Reached XP level 5. HP: 37/42 MP: 3/7
  1396 | D:2      | Reached *** piety under Lugonu
  1662 | D:2      | Found Vorue's Weapon Shoppe.
  2146 | D:3      | Noticed a +0 dagger
  2147 | D:3      | Found a hide-covered altar of Uskayaw.
  2148 | D:3      | Noticed a +0 dagger
  2834 | D:3      | Slain by a gnoll

Illustrated notes

Levels and vault maps discovered:
D:1:      sevenhm_arrival_forest_fort_large_4, layout_loops_ring, serial_shops,
          shop, basic_ecumenical_altar
D:2:      layout_basic, serial_shops, shop, nicolae_shop_hallway_plus, shop,
          minmay_misc_feat_cross, uniq_sigmund
D:3:      layout_loops_cross, dancing_weapons_uskayaw, uniq_crazy_yiuf_cottage

Skill      XL: |  1  2  3  4  5 |
---------------+----------------+-----
Dodging        | 1 2 |  2.1
Axes           | 3 |  3.4
Armour         | 2 |  2.6
Fighting       | 4 |  4.2
Invocations    | 3 |  3.3
Stealth        | |  0.3
Shields        | |  0.1

Action                   |  1- 3 |  4- 6 || total
-------------------------+-------+-------++-------
Melee: Hand axe          |    48 |   113 ||   161
       Tailslap          |       |    12 ||    12
Throw: Dart              |       |     8 ||     8
Invok: Bend Space        |       |     4 ||     4
  Use: Scroll            |     1 |     6 ||     7
       Potion            |     1 |     1 ||     2
Armor: Leather armour    |     4 |       ||     4
       Fire dragon scale |    18 |    69 ||    87
       Skin              |       |    12 ||    12
Dodge: Dodged            |    26 |    61 ||    87
Block: Kite shield       |       |    25 ||    25
       Buckler           |       |    12 ||    12
